 Dungeon Crawl Stone Soup version 0.30-a0-123-g91d0c66ccf (webtiles) character file.

Game seed: 3080241670262609455

93 jlumianski the Chopper (level 4, -1/28 HPs)
             Began as a Gargoyle Gladiator on Sept 18, 2022.
             Slain by an orc
             ... wielding a +0 falchion
              (3 damage)
             ... on level 3 of the Dungeon.
             The game lasted 00:05:14 (1839 turns).

jlumianski the Chopper (Gargoyle Gladiator)         Turns: 1839, Time: 00:05:14

Health: -1/28      AC: 11    Str: 20    XL:     4   Next: 62%
Magic:  4/4        EV: 10    Int:  8    God:
Gold:   117        SH:  0    Dex: 11    Spells: 3/3 levels left

rFire   . . .      SeeInvis .    a - +0 war axe
rCold   . . .      Faith    .    (no shield)
rNeg    + . .      Spirit   .    j - +0 scale mail
rPois   ∞          Reflect  .    c - +0 helmet
rElec   +          Harm     .    (no cloak)
rCorr   .          Rampage  .    (no gloves)
Will    .....                    k - +0 pair of boots
Stlth   ..........               t - amulet of magic regeneration
HPRegen 0.09/turn                q - ring of flight
MPRegen 0.49/turn                (no ring)

@: flying
A: sickness immunity, AC +3, negative energy resistance 1, electricity
resistance, torment resistance 1, petrification resistance
a: no special abilities


You were on level 3 of the Dungeon.
You visited 1 branch of the dungeon, and saw 3 of its levels.

You collected 117 gold pieces.

Inventory:

Hand Weapons
 a - a +0 war axe (weapon)
 g - a +4 sling of freezing
 u - the +9 falchion "Cieshics" {flame, Will+ rCorr Int+4}
   (You found it on level 2 of the Dungeon)

   It burns those it strikes, dealing additional fire damage.
   Big, fiery blades are also staple armaments of hydra-hunters.
   Int:       It affects your intelligence (+4).
   rCorr:     It protects you from acid and corrosion.
   Will:      It increases your willpower.
Missiles
 d - 3 throwing nets
 e - 7 javelins (quivered)
 r - 5 boomerangs
Armour
 b - a +0 leather armour
 c - a +0 helmet (worn)
 j - a +0 scale mail (worn)
 k - a +0 pair of boots (worn)
Jewellery
 q - a ring of flight (left hand)
 t - an amulet of magic regeneration (around neck)
Wands
 v - a wand of mindburst (11)
Scrolls
 f - 4 scrolls of identify {unknown}
 l - a scroll of silence {unknown}
 n - a scroll of fear {unknown}
 o - a scroll of enchant weapon {unknown}
 p - a scroll of magic mapping {unknown}
 s - a scroll of summoning {unknown}
Potions
 h - a potion of curing {unknown}
 i - a potion of haste {unknown}
 m - 2 potions of ambrosia {unknown}
 w - a potion of attraction {unknown}


   Skills:
 + Level 3.0 Fighting
 + Level 3.7 Axes
 + Level 0.7 Ranged Weapons
 + Level 1.8 Throwing
 + Level 0.9 Armour
 + Level 2.9 Dodging
 + Level 0.2 Stealth


You had 3 spell levels left.
You didn't know any spells.
Your spell library contained the following spells:

 Spells                   Type           Power      Damage    Failure   Level
 Poisonous Vapours        Pois/Air       0%         N/A       89%         2
 Cigotuvi's Dreadful Rot  Necr/Pois/Air  Unusable   N/A       N/A         2

Dungeon Overview and Level Annotations

Branches:
Dungeon (3/15)

Altars:
Kikubaaqudgha


Innate Abilities, Weirdness & Mutations

You are immune to sickness and miasma.
Your stone body is resilient. (AC +3)
You are immune to poison.
You resist negative energy. (rN+)
You are resistant to electric shocks. (rElec)
You are resistant to unholy torment.
You are immune to petrification.


Message History

The iguana bites you but does no damage.
You hit the iguana but do no damage.
The iguana is lightly wounded.
The bat barely misses you. The iguana closely misses you.
The iguana bites you but does no damage.
You barely miss the iguana.
The iguana is lightly wounded.
The bat barely misses you. The iguana closely misses you.
You closely miss the iguana.
The iguana is lightly wounded.
The bat misses you. The iguana bites you.
You hit the iguana.
The iguana is moderately wounded.
The bat misses you.
The iguana bites you but does no damage.
The iguana closely misses you.
You closely miss the iguana.
The iguana is moderately wounded.
The bat hits you but does no damage. The iguana completely misses you.
You hit the iguana.
The iguana is severely wounded.
You closely miss the bat. The bat barely misses you. The iguana bites you.
You hit the iguana.
The iguana is severely wounded.
The bat closely misses you. The iguana bites you!
* * * LOW HITPOINT WARNING * * *
You hit the iguana but do no damage.
The iguana is severely wounded.
The bat closely misses you. The iguana bites you.
* * * LOW HITPOINT WARNING * * *
The iguana completely misses you.
You slash the iguana!
You kill the iguana!
The bat completely misses you.
Your Fighting skill increases to level 3!
The bat barely misses you.
You fly downwards.
The orc closely misses you. The hobgoblin barely misses you.
There is a stone staircase leading up here.
The orc hits you with a +0 falchion.
You die...

.## # ..## #. #...
### #. #.. ...##.
#.. ##.... .....#
##.#.####. ...#.
...)..####..#......
#...
..........o@....#
##..
............g......
#...
..............####.
#...
..........?...#
#...
....$.........#
##..
...l...<......# #..
.o........>...#
#...
..............#
#...
............>.#
#...


You could see an orc and a hobgoblin.

Vanquished Creatures
  An iguana (D:2)
  2 adders (D:2)
  2 worms (D:2)
  2 dart slugs (D:2)
  5 bats
  4 endoplasms
  2 giant cockroaches
  3 goblins (D:2)
  3 hobgoblins (D:1)
  A quokka (D:1)
  5 ball pythons
  A frilled lizard (D:1)
  6 kobolds
  4 rats
41 creatures vanquished.

Notes
Turn   | Place    | Note
-------+----------+-------------------------------------------
     0 | D:1      | jlumianski the Gargoyle Gladiator began the quest for the
                  | Orb.
     0 | D:1      | Reached XP level 1. HP: 12/12 MP: 1/1
    72 | D:1      | Reached XP level 2. HP: 2/18 MP: 2/2
  1066 | D:2      | Reached XP level 3. HP: 22/22 MP: 3/3
  1314 | D:2      | Found an ancient bone altar of Kikubaaqudgha.
  1542 | D:2      | Identified the +9 falchion "Cieshics" {flame, Will+ rCorr
                  | Int+4}
  1655 | D:2      | Reached XP level 4. HP: 25/27 MP: 4/4
  1835 | D:2      | HP: 1/27 [iguana (2)]
  1839 | D:3      | Slain by an orc

Illustrated notes

Levels and vault maps discovered:
D:1:      lordsloth_arrival_two_stooges, layout_rooms
D:2:      layout_basic, basic_altar
D:3:      layout_rooms, gammafunk_ghost_gnarly_gnolls

Skill      XL: |  1  2  3  4 |
---------------+-------------+-----
Axes           | 3 |  3.7
Fighting       | 3 |  3.0
Ranged Weapons | |  0.7
Throwing       | |  1.8
Armour         | |  0.9
Dodging        | |  2.9
Stealth        | |  0.2

Action                   |  1- 3 |  4- 6 || total
-------------------------+-------+-------++-------
Melee: War axe           |   105 |    23 ||   128
 Fire: Sling             |     5 |       ||     5
Armor: Leather armour    |     3 |       ||     3
       Scale mail        |    63 |    10 ||    73
Dodge: Dodged            |    81 |    28 ||   109

Table legend: (Time is in decaauts)
 A = Elapsed time spent in this place.
 B = Non-inter-level travel time spent in this place.
 C = Inter-level travel time spent in this place.
 D = Time resting spent in this place.
 E = Time spent auto-exploring this place.
 F = Levels seen in this place.
 G = Mean time per level.
                   A        B        C        D        E       F      G
               +--------+--------+--------+--------+--------+-----+--------+
         Total |   1888 |   1888 |      0 |    282 |    857 |   3 |  629.3 |
       Dungeon |   1888 |   1888 |      0 |    282 |    857 |   3 |  629.3 |
               +--------+--------+--------+--------+--------+-----+--------+

Top non-repeatable levels by time:
     D:1: 1049 daAuts
     D:2: 787 daAuts
     D:3: 51 daAuts
